AoeStats
← Richmondo

Arabia

509176504Analyzed
1v1 RM · 6d ago on Sep 25, 2026· 54m 16s· 2 players
Game mode
Random Map
Map size
Tiny (2 player)
Population
200
Speed
Normal
Resources
Standard
Victory
Conquest
Starting age
Dark Age
Ending age
Imperial Age
RankedLock teamsTeams togetherTeam positionsShared explorationLock speedFull tech treeHidden civsTurbo modeCheats
Victory
Defeat
🇹🇷 Burmese · Türkiye
1167
+15
🇬🇧 Persians · United Kingdom
1148
-15
Richmondo
7:05 Loom
9:27 Feudal Age
10:05 Double-Bit Axe
12:35 Horse Collar
20:01 Castle Age
18:33 Bloodlines
21:01 Bow Saw
20:54 Heavy Plow
20:47 Town Watch
27:36 Forging
27:30 Fletching
35:00 Imperial Age
39:28 Two-Man Saw
ormtmc
7:08 Loom
10:52 Feudal Age
18:37 Castle Age
16:34 Horse Collar
21:15 Gold Mining
22:06 Forging
22:05 Scale Barding Armor
26:37 Husbandry
26:47 Bloodlines
26:40 Husbandry
27:03 Chain Barding Armor
28:04 Wheelbarrow
28:03 Sanctity
29:21 Redemption
34:11 Imperial Age
33:29 Ballistics
35:26 Conscription
35:25 Block Printing
35:36 Illumination
35:47 Theocracy
37:17 Chemistry
36:50 Capped Ram
40:44 Town Watch
45:01 Plate Barding Armor
47:10 Stone Mining
50:13 Manipur Cavalry
Connection lost

Rejoining the realm…

Still unreachable

The connection could not be restored.

Session expired

The server has moved on; the page needs a fresh start.